 Dungeon Crawl Stone Soup version 0.18.1-50-g88ac8fd (console) character file.

171 Kloppie the Chopper (level 5, -1/45 HPs)
             Began as a Hill Orc Fighter on Oct 23, 2016.
             Slain by Kloppie's ghost (7 damage)
             ... on level 3 of the Dungeon.
             The game lasted 00:03:12 (2081 turns).

Kloppie the Chopper (Hill Orc Fighter)              Turns: 2081, Time: 00:03:13

Health: -1/45      AC: 11    Str: 25    XL:     5   Next: 51%
Magic:  5/5        EV:  6    Int:  8    God:
Gold:   95         SH: 10    Dex: 10    Spells: 0 memorised, 4 levels left

rFire  . . .     SeeInvis .     a - +0 war axe
rCold  . . .     Gourm    .     z - +0 chain mail
rNeg   . . .     Faith    .     c - +0 shield
rPois  .         Spirit   .     (no helmet)
rElec  .         Dismiss  .     t - +1 cloak
rCorr  .         Reflect  .     (no gloves)
SustAt .         Harm     .     (no boots)
MR     .....                    (no amulet)
Stlth  ..........               (no ring)
                                (no ring)

@: mighty, not resistant to hostile enchantments, extremely unstealthy
A: no striking features
a: no special abilities


You were on level 3 of the Dungeon.
You were not hungry.

You visited 1 branch of the dungeon, and saw 3 of its levels.

You collected 95 gold pieces.

Inventory:

Hand Weapons
 a - a +0 war axe (weapon)
Armour
 c - a +0 shield (worn)
 t - a +1 cloak (worn)
 z - a +0 chain mail (worn)
Jewellery
 C - an uncursed ring of resist corrosion {unknown}
Wands
 b - a wand of iceblast (3/15)
Scrolls
 e - 3 scrolls of immolation {unknown}
 h - 2 scrolls of identify {unknown}
 i - 2 scrolls of fear {unknown}
 m - 4 scrolls of remove curse {unknown}
 p - 2 scrolls of teleportation {unknown}
 q - a scroll of enchant weapon {unknown}
 v - a scroll of recharging {unknown}
 y - a scroll of noise {unknown}
 A - a scroll of enchant armour {unknown}
Potions
 d - a potion of might
 j - a potion of beneficial mutation {unknown}
 l - a potion of resistance {unknown}
 o - a potion of berserk rage {unknown}
 r - a potion of heal wounds {unknown}
 s - a potion of lignification {unknown}
 x - 2 potions of agility {unknown}
 B - a potion of flight {unknown}
 D - a potion of curing {unknown}
Books
 w - a book of Burglary

   Spells                             Type                      Level
   a - Swiftness                      Charms/Air                   2
   b - Passwall                       Transmutation/Earth          2
   c - Passage of Golubria            Translocation                4
   d - Lee's Rapid Deconstruction     Earth                        5
   e - Darkness                       Hexes                        6
   f - Invisibility                   Hexes                        6
Comestibles
 f - 4 bread rations
 g - 3 chunks of flesh
 k - 6 fruits
 n - 3 meat rations
 u - a beef jerky


   Skills:
 - Level 3.6 Fighting
 + Level 5.4 Axes
 - Level 3.2 Armour
 + Level 5.2 Shields


You had 4 spell levels left.
You didn't know any spells.

Dungeon Overview and Level Annotations

Branches:
Dungeon (3/15)

Altars:
Elyvilon
Fedhas
Kikubaaqudgha

Annotations:
D:3 Kloppie's ghost, amateur HOFi


Message History

Kloppie's ghost hits you! Kloppie's ghost hits you.
You hit Kloppie's ghost.
Kloppie's ghost is moderately damaged.
You block Kloppie's ghost's attack.
You hit Kloppie's ghost.
Kloppie's ghost is moderately damaged.
You block Kloppie's ghost's attack.
Your shield and chain mail prevent you from hitting Kloppie's ghost.
Kloppie's ghost is moderately damaged.
You block Kloppie's ghost's attack. Kloppie's ghost hits you!
* * * LOW HITPOINT WARNING * * *
You are too injured to fight recklessly!
Drink which item? (? for menu, Esc to quit)
You feel very mighty all of a sudden. Kloppie's ghost hits you!
* * * LOW HITPOINT WARNING * * *
You hit Kloppie's ghost.
Kloppie's ghost is moderately damaged.
Kloppie's ghost hits you!
You die...

######## ####
..>..... ..#
######## #####$# #
# ####
##.....####.# #
#...##...........#
#
.............@..##
########
............##W.#
#.......
.............#..#
#.######
..........#..#..#
# #
....#..#.#..#..# #
#.............#..#
#
#.#.#.#.##.##.#...
# ....
#....##.#### #####
# #.###.......#
#....


You could see Kloppie's ghost.

Vanquished Creatures
  A vampire bat (D:2)
  Jessica (D:2)
  4 adders
  2 oozes (D:1)
  2 worms (D:2)
  A dart slug (D:3)
  7 bats
  3 bat skeletons (D:2)
  2 bat zombies (D:2)
  A giant cockroach (D:1)
  A goblin (D:3)
  5 hobgoblins
  5 quokkas
  6 giant newts
  7 kobolds
  9 rats
57 creatures vanquished.

Notes
Turn   | Place    | Note
--------------------------------------------------------------
     0 | D:1      | Kloppie the Hill Orc Fighter began the quest for the Orb.
     0 | D:1      | Reached XP level 1. HP: 19/19 MP: 1/1
     3 | D:1      | Noticed a minotaur skeleton
    20 | D:1      | Noticed a minotaur skeleton
   196 | D:1      | Reached XP level 2. HP: 26/26 MP: 2/2
   743 | D:1      | Reached XP level 3. HP: 29/31 MP: 3/3
  1191 | D:2      | Reached XP level 4. HP: 39/39 MP: 4/4
  1476 | D:2      | Noticed Jessica
  1481 | D:2      | Killed Jessica
  1487 | D:2      | Reached skill level 5 in Axes
  1487 | D:2      | Reached skill level 5 in Shields
  1487 | D:2      | Reached XP level 5. HP: 42/45 MP: 5/5
  1491 | D:2      | Found an ancient bone altar of Kikubaaqudgha.
  1771 | D:3      | Found a blossoming altar of Fedhas.
  1815 | D:3      | Found a white marble altar of Elyvilon.
  2070 | D:3      | Noticed Kloppie's ghost (amateur HOFi)
  2081 | D:3      | Slain by Kloppie's ghost

Skill      XL: |  1  2  3  4 |
---------------+-------------+-----
Axes           | 3 4 5 |  5.4
Shields        | 4 5 |  5.2
Fighting       | |  3.6
Armour         | |  3.2

Action                   |  1- 3 |  4- 6 || total
-------------------------+-------+-------++-------
Melee: War axe           |   115 |    82 ||   197
  Use: Potion            |       |     1 ||     1
  Eat: Chunk             |     1 |     3 ||     4
Armor: Scale mail        |    60 |    21 ||    81
       Chain mail        |       |     8 ||     8
Dodge: Dodged            |    47 |    21 ||    68
Block: Shield            |    61 |    49 ||   110
